 Dungeon Sprint DCSS version 0.29-a0-998-g1987434951 (webtiles) character file.

Game seed: 3093978575400159612

1521 tbh1313 the Severer (level 8, -3/118 HPs)
             Began as a Minotaur Berserker on Aug 5, 2022.
             Was a Priest of Trog.
             Slain by a demonic crawler (6 damage)
             ... in the Dungeon (Sprint I: "Red Sonja").
             The game lasted 00:02:44 (927 turns).

tbh1313 the Severer (Minotaur Berserker)             Turns: 927, Time: 00:02:45

Health: -3/118     AC:  8    Str: 21    XL:     8   Next: 54%
Magic:  7/7        EV: 13    Int:  6    God:    Trog [***...]
Gold:   405        SH:  0    Dex: 11    Spells: 7/7 levels left

rFire   . . .      SeeInvis .   a - +0 hand axe
rCold   . . .      Faith    .   (no shield)
rNeg    . . .      Spirit   .   j - +0 scale mail
rPois   .          Reflect  .   (helmet restricted)
rElec   .          Harm     .   (no cloak)
rCorr   .          Rampage  .   (no gloves)
Will    ++...      NoTele   +   (no boots)
Stlth   ..........              (no amulet)
HPRegen 1.29/turn               (no ring)
MPRegen 0.10/turn               (no ring)

@: berserking, strong-willed, regenerating, very quick
A: horns 2, retaliatory headbutt
a: Renounce Religion, Berserk, Trog's Hand


You were in the Dungeon.
You worshipped Trog.
Trog was most pleased with you.
You visited 1 branch You collected 405 gold pieces.

Inventory:

Hand Weapons
 a - a +0 hand axe (weapon)
Armour
 j - a +0 scale mail (worn)
Wands
 i - a wand of iceblast (8)
Scrolls
 h - a scroll of blinking
Potions
 b - a potion of lignification {unknown}
 c - a potion of curing
 d - a potion of heal wounds
 e - a potion of haste
 f - 2 potions of magic
 g - a potion of berserk rage


   Skills:
 - Level 10.0 Fighting
 + Level 15.6 Axes
 - Level 10.0 Armour
 - Level 10.0 Dodging


You had 7 spell levels left.
You didn't know any spells.
Your spell library was empty.

Dungeon Overview and Level Annotations

Branches:
Dungeon (1/1)

Altars:
Cheibriados
Dithmenos
Elyvilon
Fedhas
Gozag
Hepliaklqana
Kikubaaqudgha
Makhleb
Nemelex Xobeh
Okawaru
Qazlal
Ru
Sif Muna
Trog
Uskayaw
Vehumet
Wu Jian
Xom
Yredelemnul
Zin
The Shining One
Jiyva
Lugonu

Shops:
D =


Innate Abilities, Weirdness & Mutations

You have a pair of horns on your head.
You reflexively headbutt those who attack you in melee.


Message History

You hit the demonic crawler. You slash the demonic crawler!
The demonic crawler is severely wounded.
You hit the demonic crawler but do no damage.
The demonic crawler shrieks in warning!
The demonic crawler hits you!
* * * LOW HITPOINT WARNING * * *
The demonic crawler hits you.
* * * LOW HITPOINT WARNING * * *
The demonic crawler hits you but does no damage.
You hit the demonic crawler but do no damage.
The demonic crawler is severely wounded.
You hit the demonic crawler but do no damage.
The demonic crawler hits you.
* * * LOW HITPOINT WARNING * * *
The demonic crawler closely misses you. The demonic crawler barely misses you.
A gargoyle comes into view. It is wielding a +0 flail.
You slash the demonic crawler! You headbutt the demonic crawler!
You kill the demonic crawler!
Trog accepts your kill.
You barely miss the demonic crawler. The demonic crawler hits you.
* * * LOW HITPOINT WARNING * * *
The demonic crawler hits you!
* * * LOW HITPOINT WARNING * * *
The demonic crawler closely misses you.
Your Axes skill increases to level 15!
You hit the demonic crawler.
The demonic crawler is lightly wounded.
You hit the demonic crawler but do no damage.
You hit the demonic crawler.
The demonic crawler is lightly wounded.
You hit the demonic crawler. The demonic crawler misses you.
The demonic crawler hits you.
* * * LOW HITPOINT WARNING * * *
The demonic crawler closely misses you.
The demonic crawler hits you but does no damage.
The demonic crawler hits you.
* * * LOW HITPOINT WARNING * * *
The demonic crawler hits you.
You die...

##################
.#..'..#__#..')..#
.').#..'..'..#).s##+#
'#####'#__####..@ss.#
.#...#.#### #####9.+
##..##)# ## _##'#_.+
..'..._# _##_.#+#
_###+# ##


You could see 3 demonic crawlers and a gargoyle.

Levels and vault maps discovered:
D:        dungeon_sprint_1 [red_sonja_temple_1, red_sonja_temple_small_1]

Notes
Turn   | Place    | Note
-------+----------+-------------------------------------------
     0 | D        | tbh1313 the Minotaur Berserker began the quest for the Orb.
     0 | D        | Reached XP level 1. HP: 19/19 MP: 0/0
     1 | D        | Noticed Ijyb
    11 | D        | Killed Ijyb
    12 | D        | Reached skill level 7 in Axes
    12 | D        | Reached XP level 2. HP: 14/26 MP: 1/1
   167 | D        | Noticed an ogre
   171 | D        | Killed an ogre
   172 | D        | Reached skill level 11 in Axes
   172 | D        | Reached XP level 3. HP: 24/31 MP: 2/2
   172 | D        | Reached XP level 4. HP: 30/39 MP: 3/3
   302 | D        | Noticed Sigmund
   307 | D        | Killed Sigmund
   307 | D        | Reached ** piety under Trog
   308 | D        | Reached skill level 14 in Axes
   308 | D        | Reached XP level 5. HP: 52/52 MP: 4/4
   308 | D        | Reached XP level 6. HP: 60/60 MP: 5/5
   351 | D        | Found an ornate altar of the Wu Jian Council.
   351 | D        | Found a shimmering blue altar of Sif Muna.
   353 | D        | Found a radiant altar of Vehumet.
   389 | D        | Found Vyrraomm's Jewellery Emporium.
   389 | D        | Found an ancient bone altar of Kikubaaqudgha.
   389 | D        | Found a hazy altar of Hepliaklqana.
   389 | D        | Found a stormy altar of Qazlal.
   389 | D        | Found a hide-covered altar of Uskayaw.
   389 | D        | Found a blossoming altar of Fedhas.
   389 | D        | Found a bloodstained altar of Trog.
   389 | D        | Found an iron altar of Okawaru.
   389 | D        | Found a basalt altar of Yredelemnul.
   389 | D        | Found a glowing golden altar of the Shining One.
   389 | D        | Found a snail-covered altar of Cheibriados.
   389 | D        | Found a sacrificial altar of Ru.
   389 | D        | Found a glowing silver altar of Zin.
   389 | D        | Found a shadowy altar of Dithmenos.
   389 | D        | Found a white marble altar of Elyvilon.
   389 | D        | Noticed a yak
   399 | D        | Killed a yak
   400 | D        | Reached skill level 10 in Fighting
   400 | D        | Reached skill level 5 in Armour
   401 | D        | Found an opulent altar of Gozag.
   415 | D        | Found a sparkling altar of Nemelex Xobeh.
   542 | D        | Found a viscous altar of Jiyva.
   542 | D        | Found a corrupted altar of Lugonu.
   542 | D        | Noticed a slime creature
   543 | D        | Found a burning altar of Makhleb.
   543 | D        | Found a shimmering altar of Xom.
   553 | D        | Killed a slime creature
   554 | D        | Reached XP level 7. HP: 12/72 MP: 6/6
   853 | D        | Noticed a kobold demonologist
   853 | D        | Noticed a kobold demonologist
   854 | D        | Paralysed by a floating eye for 3 turns
   858 | D        | Noticed a soul eater
   860 | D        | Reached skill level 10 in Armour
   869 | D        | Killed a kobold demonologist
   869 | D        | Reached *** piety under Trog
   870 | D        | Reached XP level 8. HP: 79/79 MP: 7/7
   875 | D        | Killed a kobold demonologist
   876 | D        | Reached skill level 10 in Dodging
   909 | D        | Noticed a demonic crawler
   909 | D        | Noticed a demonic crawler
   909 | D        | Noticed a demonic crawler
   909 | D        | Noticed a demonic crawler
   924 | D        | Noticed a gargoyle
   925 | D        | Killed a demonic crawler
   925 | D        | HP: 10/118 [demonic crawler (9)]
   926 | D        | Reached skill level 15 in Axes
   927 | D        | HP: 3/118 [demonic crawler (5)]
   927 | D        | Slain by a demonic crawler

Table legend: (Time is in decaauts)
 A = Elapsed time spent in this place.
 B = Non-inter-level travel time spent in this place.
 C = Inter-level travel time spent in this place.
 D = Time resting spent in this place.
 E = Time spent auto-exploring this place.
 F = Levels seen in this place.
 G = Mean time per level.
                   A        B        C        D        E       F      G
               +--------+--------+--------+--------+--------+-----+--------+
         Total |    933 |    933 |      0 |    776 |      1 |   1 |  933.0 |
       Dungeon |    933 |    933 |      0 |    776 |      1 |   1 |  933.0 |
               +--------+--------+--------+--------+--------+-----+--------+

Top non-repeatable levels by time:
       D: 933 daAuts

Table legend:
 A = Kills in this place as a percentage of kills in entire the game.
 B = Kills by you in this place as a percentage of kills by you in the entire game.
 C = Kills by friends in this place as a percentage of kills by friends in the entire game.
 D = Other kills in this place as a percentage of other kills in the entire game.
 E = Experience gained in this place as a percentage of experience gained in the entire game.
 F = Experience gained in this place divided by the number of levels of this place that you have seen.
                   A       B       C       D       E      F
               +-------+-------+-------+-------+-------+----------------------
         Total | 100.0 | 100.0 |   N/A |   N/A | 100.0 | 2174.0
       Dungeon | 100.0 | 100.0 |   N/A |   N/A | 100.0 | 2174.0
               +-------+-------+-------+-------+-------+----------------------

Action                   |  1- 3 |  4- 6 |  7- 9 || total
-------------------------+-------+-------+-------++-------
Melee: Hand axe          |    11 |    24 |    34 ||    69
       Headbutt          |     2 |     6 |     6 ||    14
Invok: Berserk           |     1 |     2 |     2 ||     5
       Trog's Hand       |       |       |     2 ||     2
 Stab: Sleeping          |     1 |       |       ||     1
Armor: Scale mail        |       |     1 |    13 ||    14
Dodge: Dodged            |     4 |     4 |    26 ||    34

Vanquished Creatures
  2 kobold demonologists (D)
  A demonic crawler (D)
  A slime creature (D)
  Sigmund (D)
  A yak (D)
  A floating eye (D)
  An ogre (D)
  A jelly (D)
  Ijyb (D)
10 creatures vanquished.
